[Event "Malmo Open 2023"]
[Site "Malmo SWE"]
[Date "2023.12.15"]
[Round "3.4"]
[White "Zander, Emil"]
[Black "Hector, Jonny"]
[Result "0-1"]
[WhiteElo "2161"]
[BlackElo "2444"]
[ECO "C55"]
[TimeControl "15 minutes + 5 seconds per move from move one (Round 1 - 4) / 90 minutes + 30 seconds per move from move one (Round 5 - 8)"]
[BlackTitle "GM"]
[WhiteFideId "1467123"]
[BlackFideId "1700090"]

1.e4 e5 2.Nf3 Nc6 3.Bc4 Nf6 4.d3 d5 5.exd5 Nxd5 6.O-O Nb6 7.Bb3 Bg4 8.Nbd2
Bd6 9.Ne4 O-O 10.h3 Bh5 11.Ng3 Bg6 12.Bd2 Kh8 13.Re1 f5 14.Bc3 Qf6 15.Qd2 
h6 16.Re2 Rae8 17.Rae1 Re7 18.a4 a5 19.h4 Rfe8 20.h5 Bh7 21.Nf1 f4 22.N1h2
Qf5 23.Qd1 Qxh5 24.Nd2 Qf5 25.Ne4 Nd7 26.Nf3 Nf6 27.Nxf6 Qxf6 28.Nd2 Bf5 
29.Bd5 Bg4 30.f3 Bc5+ 31.Kf1 Qh4 32.d4 exd4 33.Rxe7 Qh1+ 34.Ke2 Rxe7+ 35.
Ne4 Qxg2+ 36.Kd3 Ne5# 0-1

[Event "Malmo Open 2023"]
[Site "Malmo SWE"]
[Date "2023.12.15"]
[Round "3.5"]
[White "Storme, Isak"]
[Black "Pedersen, Martin Rosenkilde"]
[Result "1-0"]
[WhiteElo "2439"]
[BlackElo "2131"]
[ECO "A57"]
[TimeControl "15 minutes + 5 seconds per move from move one (Round 1 - 4) / 90 minutes + 30 seconds per move from move one (Round 5 - 8)"]
[WhiteTitle "IM"]
[WhiteFideId "1728113"]
[BlackFideId "1410261"]

1.d4 Nf6 2.c4 c5 3.d5 b5 4.cxb5 a6 5.e3 g6 6.Nc3 Bg7 7.Nf3 O-O 8.a4 Bb7 9.
Be2 axb5 10.Bxb5 e6 11.dxe6 fxe6 12.Qd6 Ne4 13.Nxe4 Bxe4 14.Qxc5 Bxf3 15.
gxf3 Rxf3 16.e4 Qh4 17.Be3 Qxe4 18.O-O-O Rxa4 19.Bxa4 Qxa4 20.Kb1 Na6 21.
Qc2 Qb5 22.Rd2 Nb4 23.Qe4 Qa5 24.Qc4 Rf8 25.Bc5 Ra8 26.Bxb4 Qa1+ 27.Kc2 
Qxh1 28.Rxd7 Qf3 29.Qxe6+ Kh8 30.Rf7 Rc8+ 31.Qxc8+ 1-0

[Event "Malmo Open 2023"]
[Site "Malmo SWE"]
[Date "2023.12.15"]
[Round "3.6"]
[White "Alba Fernandez, Nicolas"]
[Black "Olsen, Filip Boe"]
[Result "1/2-1/2"]
[WhiteElo "2134"]
[BlackElo "2423"]
[ECO "D35"]
[TimeControl "15 minutes + 5 seconds per move from move one (Round 1 - 4) / 90 minutes + 30 seconds per move from move one (Round 5 - 8)"]
[BlackTitle "IM"]
[WhiteFideId "32011741"]
[BlackFideId "1440640"]

1.d4 d5 2.c4 e6 3.Nc3 Nf6 4.cxd5 exd5 5.Bg5 c6 6.e3 Be6 7.Bd3 Nbd7 8.Nge2 
h6 9.Bh4 g5 10.Bg3 Nh5 11.Qc2 Nxg3 12.Nxg3 h5 13.Nf5 h4 14.h3 Qf6 15.a3 a6
16.Na4 Rc8 17.b4 b5 18.Nc5 Nxc5 19.bxc5 Bxc5 20.Qxc5 Bxf5 21.Bxf5 Qxf5 22.
O-O Qe6 23.a4 g4 24.hxg4 Qxg4 25.f3 Qg3 26.axb5 h3 27.Ra2 axb5 28.e4 dxe4 
29.Re2 Rh6 30.Rxe4+ Re6 31.Rxe6+ fxe6 32.Qh5+ Kd7 33.Qxh3 Qxh3 34.gxh3 Kd6
35.Kf2 Kd5 36.Ke3 Rh8 37.Rh1 Rh4 38.f4 b4 39.Rh2 b3 40.Rh1 Kc4 41.Rc1+ Kb4
42.Rxc6 b2 43.Rb6+ Kc3 44.Ke4 Rxh3 45.d5 exd5+ 46.Kxd5 Kc2 47.Rxb2+ Kxb2 
48.Ke6 Kc3 49.f5 Kd4 50.f6 Re3+ 51.Kd7 Rf3 52.Ke7 Re3+ 53.Kd7 Rf3 54.Ke7 
Ke5 55.f7 Rxf7+ 56.Kxf7 1/2-1/2

[Event "Malmo Open 2023"]
[Site "Malmo SWE"]
[Date "2023.12.15"]
[Round "3.7"]
[White "Medhus, Vitus Bondo"]
[Black "Brynell, Stellan"]
[Result "1-0"]
[WhiteElo "2128"]
[BlackElo "2402"]
[ECO "C00"]
[TimeControl "15 minutes + 5 seconds per move from move one (Round 1 - 4) / 90 minutes + 30 seconds per move from move one (Round 5 - 8)"]
[BlackTitle "GM"]
[WhiteFideId "1462547"]
[BlackFideId "1700219"]

1.e4 e6 2.Nf3 d5 3.Nc3 d4 4.Ne2 c5 5.c3 Nc6 6.cxd4 cxd4 7.Qa4 Nf6 8.Nexd4 
Bd7 9.Nxc6 Bxc6 10.Bb5 Qb6 11.Bxc6+ bxc6 12.O-O Be7 13.Ne5 Rc8 14.d3 O-O 
15.Bg5 Rfd8 16.Rac1 c5 17.Nd7 Qxb2 18.e5 Nd5 19.Bxe7 Nxe7 20.Rxc5 Rxc5 21.
Nxc5 Qxe5 22.Qxa7 Nf5 23.Qb6 Rd5 24.a4 h5 25.Ne4 Rxd3 26.Ng5 g6 27.a5 Nh4 
28.f4 Qd5 29.Qb8+ Kg7 30.Qe5+ Qxe5 31.fxe5 Nf5 32.Ra1 Rd7 33.Ne4 Ra7 34.
Nc5 Ne3 35.a6 Nc4 36.Ne4 Nxe5 37.Nd6 Nd3 38.Nb5 Ra8 39.a7 1-0

[Event "Malmo Open 2023"]
[Site "Malmo SWE"]
[Date "2023.12.15"]
[Round "3.8"]
[White "Engstrom, Kaj"]
[Black "Akesson, Ralf"]
[Result "0-1"]
[WhiteElo "2113"]
[BlackElo "2387"]
[ECO "B13"]
[TimeControl "15 minutes + 5 seconds per move from move one (Round 1 - 4) / 90 minutes + 30 seconds per move from move one (Round 5 - 8)"]
[BlackTitle "GM"]
[WhiteFideId "1701134"]
[BlackFideId "1700120"]

1.e4 c6 2.d4 d5 3.exd5 cxd5 4.Bd3 Nc6 5.c3 e6 6.Nf3 Bd6 7.Bg5 Nge7 8.Nbd2 
O-O 9.Bh4 Bd7 10.Bg3 Qc7 11.Ng5 h6 12.Qh5 Nf5 13.Bxd6 Qxd6 14.Ngf3 g6 15.
Qh3 Kg7 16.g4 Nfe7 17.O-O-O b5 18.Rde1 b4 19.c4 dxc4 20.Nxc4 Qf4+ 21.Kb1 
Nxd4 22.Nfe5 Bc6 23.Nxc6 Nexc6 24.Re4 Qf3 25.Qf1 Rad8 26.Re3 Qxg4 27.Rg1 
Qf4 28.Re4 Qf6 29.Ne3 Nf3 30.Ka1 Nxg1 31.Ng4 Qg5 32.Be2 Nxe2 0-1

[Event "Malmo Open 2023"]
[Site "Malmo SWE"]
[Date "2023.12.15"]
[Round "3.9"]
[White "Jogstad, Daniel"]
[Black "Lindberg, Bengt"]
[Result "1/2-1/2"]
[WhiteElo "2108"]
[BlackElo "2344"]
[ECO "B40"]
[TimeControl "15 minutes + 5 seconds per move from move one (Round 1 - 4) / 90 minutes + 30 seconds per move from move one (Round 5 - 8)"]
[WhiteTitle "CM"]
[BlackTitle "IM"]
[WhiteFideId "1718959"]
[BlackFideId "1700359"]

1.e4 c5 2.Nf3 e6 3.b3 Nc6 4.Bd3 d6 5.O-O Nf6 6.Re1 Be7 7.Bb2 e5 8.c3 a6 9.
h3 Nh5 10.Bf1 Nf4 11.d4 Qc7 12.Bc1 O-O 13.Bxf4 exf4 14.Qd2 g5 15.Na3 Bd7 
16.Rad1 Rad8 17.d5 Na7 18.g3 fxg3 19.fxg3 h6 20.c4 Bf6 21.Nc2 Rde8 22.Ne3 
Nc8 23.Nf5 Bxf5 24.exf5 Ne7 25.g4 Kg7 26.Re3 Ng8 27.Rde1 Qd8 28.Kg2 Rxe3 
29.Qxe3 Bb2 30.h4 gxh4 31.g5 hxg5 32.Nxg5 Qf6 33.Bd3 Nh6 34.Kh1 Nxf5 35.
Bxf5 Qxf5 36.Rg1 Kh8 37.Ne6 Re8 38.Qh6+ Qh7 39.Qxh7+ Kxh7 40.Ng5+ Kg7 41.
Ne4+ Kf8 42.Nxd6 Re2 43.Nxb7 Be5 44.Rg2 Re3 45.Rd2 h3 46.Rd1 Re2 47.d6 
Rh2+ 48.Kg1 Rg2+ 49.Kh1 Rh2+ 50.Kg1 Rg2+ 51.Kh1 1/2-1/2

[Event "Malmo Open 2023"]
[Site "Malmo SWE"]
[Date "2023.12.15"]
[Round "3.10"]
[White "Krilovs, Nikolajs"]
[Black "Kistrup, Nicolai"]
[Result "0-1"]
[WhiteElo "2098"]
[BlackElo "2337"]
[ECO "C47"]
[TimeControl "15 minutes + 5 seconds per move from move one (Round 1 - 4) / 90 minutes + 30 seconds per move from move one (Round 5 - 8)"]
[BlackTitle "FM"]
[WhiteFideId "11603100"]
[BlackFideId "1444816"]

1.e4 e5 2.Nf3 Nc6 3.d4 exd4 4.Nxd4 Nf6 5.Nc3 Bb4 6.Nxc6 bxc6 7.Bd3 d5 8.
O-O O-O 9.e5 Nd7 10.Re1 Re8 11.Qh5 g6 12.Qh6 Bf8 13.Qf4 Bg7 14.e6 Rxe6 15.
Rxe6 fxe6 16.Qg3 e5 17.Bg5 Qe8 18.Re1 Nc5 19.Bf4 e4 20.Bxc7 Ne6 21.Bf1 
Nxc7 22.Qxc7 Be5 23.Qa5 Bf5 24.f3 Bd4+ 25.Kh1 Bf2 26.Re2 Bb6 27.Qa4 e3 28.
Re1 Rc8 29.Bd3 Qe5 30.Bxf5 Qxf5 31.Nd1 Qe5 32.c3 e2 33.f4 exd1=Q 34.Rxd1 
Qe2 35.Rb1 Re8 36.h3 Qe4 37.Qd1 Qxf4 38.c4 Bc7 0-1

[Event "Malmo Open 2023"]
[Site "Malmo SWE"]
[Date "2023.12.15"]
[Round "4.1"]
[White "Sorensen, Hampus"]
[Black "Kreken, Eivind Grunt"]
[Result "1-0"]
[WhiteElo "2474"]
[BlackElo "2271"]
[ECO "C70"]
[TimeControl "15 minutes + 5 seconds per move from move one (Round 1 - 4) / 90 minutes + 30 seconds per move from move one (Round 5 - 8)"]
[WhiteTitle "IM"]
[WhiteFideId "8703884"]
[BlackFideId "1532359"]

1.e4 e5 2.Nf3 Nc6 3.Bb5 a6 4.Ba4 b5 5.Bb3 Na5 6.O-O d6 7.d4 Nxb3 8.axb3 f6
9.c4 b4 10.Ne1 Bb7 11.d5 c5 12.f4 exf4 13.Bxf4 Ne7 14.Nd2 Ng6 15.Nd3 Be7 
16.Bg3 Qd7 17.Qh5 O-O-O 18.Nxb4 cxb4 19.c5 Qb5 20.c6 Bxc6 21.Rfc1 Kb8 22.
Rxc6 Rc8 23.Rcxa6 Rc1+ 24.Rxc1 Qxa6 25.Nc4 Ne5 26.Qd1 Rc8 27.Ra1 Qb5 28.
Ra5 Qb7 29.Bxe5 fxe5 30.Kh1 Rf8 31.Ra4 Bh4 32.g3 Bg5 33.Na5 Qf7 34.Rxb4+ 
Kc8 35.Qc2+ Kd8 36.Rb8+ Ke7 37.Rb7+ 1-0

[Event "Malmo Open 2023"]
[Site "Malmo SWE"]
[Date "2023.12.15"]
[Round "4.2"]
[White "Hector, Jonny"]
[Black "Lindh, Fredrik"]
[Result "1-0"]
[WhiteElo "2444"]
[BlackElo "2251"]
[ECO "B30"]
[TimeControl "15 minutes + 5 seconds per move from move one (Round 1 - 4) / 90 minutes + 30 seconds per move from move one (Round 5 - 8)"]
[WhiteTitle "GM"]
[BlackTitle "FM"]
[WhiteFideId "1700090"]
[BlackFideId "1707884"]

1.e4 c5 2.Nf3 Nc6 3.Nc3 e5 4.Bc4 d6 5.d3 Be7 6.Nd2 a6 7.Nf1 Nf6 8.Ne3 b5 
9.Bb3 Be6 10.O-O O-O 11.Ncd5 Nd4 12.Nxf6+ Bxf6 13.Bd5 Bxd5 14.Nxd5 Bg5 15.
f4 exf4 16.Bxf4 Ra7 17.c3 Ne6 18.Bxg5 Qxg5 19.a4 b4 20.a5 bxc3 21.bxc3 Nc7
22.Rf5 Qd8 23.Nb6 g6 24.Rf2 d5 25.Qf3 dxe4 26.dxe4 Ne6 27.Rd1 Qg5 28.Nd7 
Rxd7 1-0

[Event "Malmo Open 2023"]
[Site "Malmo SWE"]
[Date "2023.12.15"]
[Round "4.3"]
[White "Strom-Engdahl, Alexander"]
[Black "Storme, Isak"]
[Result "0-1"]
[WhiteElo "2217"]
[BlackElo "2439"]
[ECO "B31"]
[TimeControl "15 minutes + 5 seconds per move from move one (Round 1 - 4) / 90 minutes + 30 seconds per move from move one (Round 5 - 8)"]
[BlackTitle "IM"]
[WhiteFideId "1741586"]
[BlackFideId "1728113"]

1.e4 c5 2.Nf3 Nc6 3.Bb5 g6 4.Bxc6 dxc6 5.d3 Bg7 6.O-O Nf6 7.h3 Nd7 8.Nc3 
e5 9.a3 a5 10.Be3 b6 11.Rb1 Qe7 12.Qd2 O-O 13.Nh2 Rd8 14.f4 exf4 15.Bxf4 
Ne5 16.Bg5 f6 17.Bf4 Ra7 18.Nf3 Nxf3+ 19.Rxf3 c4 20.d4 Rad7 21.d5 cxd5 22.
exd5 Bb7 23.d6 Qf7 24.Re3 Bf8 25.Rd1 g5 26.Bg3 Kg7 27.Qd4 Bxd6 28.Bxd6 
Rxd6 29.Qxd6 Rxd6 30.Rxd6 Qc7 31.Rde6 Qc5 32.Kh2 Kg6 33.Ne2 Qd5 34.Rg3 Qc5
35.Rge3 h5 36.Nc3 h4 37.Re2 Qc7+ 38.Kg1 Kf7 39.a4 Qd7 40.R6e3 Qd4 41.Nb5 
Qc5 42.Kh2 Bc6 43.Nc3 Qd6+ 44.Kg1 Qd4 45.Kh2 Qf4+ 46.Kg1 Qd4 47.Kh2 Kg6 
48.Re6 Bd7 49.R6e4 Qd6+ 50.Kg1 Qc5+ 51.Kh1 Bf5 52.R4e3 Qd4 53.Rf3 Qd6 54.
Ref2 Bd7 55.Rf1 Bc6 56.R3f2 Kg7 57.Ne2 Qe6 58.Kg1 Qe5 59.c3 Bxa4 60.Nd4 
Bd7 61.Re2 Qd6 62.Rfe1 Kg6 63.Rf1 b5 64.Ra1 Qb6 65.Kh1 b4 66.Re7 Qd6 67.
Rae1 bxc3 68.bxc3 a4 69.R7e2 Qg3 70.Re3 Qf4 71.Rf3 Qd6 72.Rfe3 a3 73.R3e2 
Bc8 74.Ra1 Bb7 75.Rea2 Qg3 76.Kg1 Qxc3 77.Nb5 Qe3+ 78.Kh2 Qe5+ 79.Kg1 Qc5+
80.Kh2 Qxb5 81.Rxa3 Qe5+ 82.Kg1 Qd4+ 83.Kh2 c3 84.Ra4 Qe5+ 85.Kg1 Qe3+ 86.
Kf1 c2 87.Re1 Bxg2+ 0-1

[Event "Malmo Open 2023"]
[Site "Malmo SWE"]
[Date "2023.12.15"]
[Round "4.4"]
[White "Akesson, Ralf"]
[Black "Hald Falkesgaard, Jeppe"]
[Result "1-0"]
[WhiteElo "2387"]
[BlackElo "2199"]
[ECO "A33"]
[TimeControl "15 minutes + 5 seconds per move from move one (Round 1 - 4) / 90 minutes + 30 seconds per move from move one (Round 5 - 8)"]
[WhiteTitle "GM"]
[WhiteFideId "1700120"]
[BlackFideId "1464981"]

1.Nf3 c5 2.c4 Nf6 3.Nc3 Nc6 4.d4 cxd4 5.Nxd4 e6 6.a3 Qc7 7.Bg5 Be7 8.e3 
O-O 9.Rc1 a6 10.Be2 Nxd4 11.Qxd4 d5 12.Bf4 Qa5 13.O-O dxc4 14.Bf3 Rd8 15.
Qxc4 Ra7 16.Bc7 b5 17.Bxa5 bxc4 18.Bxd8 Bxd8 19.Rfd1 Bd7 20.Bc6 Bxc6 21.
Rxd8+ Ne8 22.Ne4 Kf8 23.Rxc4 Ke7 24.Rd2 Bd5 25.Rcd4 Nc7 26.Nc3 Bc6 27.e4 
Rb7 28.Rb4 Nb5 29.Nxb5 axb5 30.f4 Ra7 31.Kf2 f6 32.Rc2 Be8 33.Ke3 e5 34.
fxe5 fxe5 35.Rc5 Kd6 36.Rd5+ Ke6 37.Rb3 Ra4 38.Rc3 b4 39.Rc4 bxa3 40.Rxa4 
Bxa4 41.bxa3 1-0

[Event "Malmo Open 2023"]
[Site "Malmo SWE"]
[Date "2023.12.15"]
[Round "4.5"]
[White "Kistrup, Nicolai"]
[Black "Nilsson, Anders"]
[Result "1-0"]
[WhiteElo "2337"]
[BlackElo "2186"]
[ECO "E00"]
[TimeControl "15 minutes + 5 seconds per move from move one (Round 1 - 4) / 90 minutes + 30 seconds per move from move one (Round 5 - 8)"]
[WhiteTitle "FM"]
[BlackTitle "CM"]
[WhiteFideId "1444816"]
[BlackFideId "1705423"]

1.d4 d5 2.c4 e6 3.Nf3 Nf6 4.g3 Bb4+ 5.Nbd2 O-O 6.Bg2 Re8 7.O-O Nbd7 8.Qc2 
c6 9.e4 dxe4 10.Nxe4 Nxe4 11.Qxe4 c5 12.a3 Ba5 13.Rd1 Qf6 14.Bg5 Qg6 15.
Qxg6 hxg6 16.dxc5 Bc7 17.b4 a5 18.Nd4 Be5 19.Be3 Bf6 20.c6 bxc6 21.Bxc6 
Rb8 22.Rab1 Rf8 23.Nxe6 fxe6 24.Bxd7 axb4 25.axb4 Bc3 26.b5 1-0

[Event "Malmo Open 2023"]
[Site "Malmo SWE"]
[Date "2023.12.15"]
[Round "4.6"]
[White "Olofsson-Dolk, Mattis"]
[Black "Loftgaard, Mikkel Vinh"]
[Result "1/2-1/2"]
[WhiteElo "2211"]
[BlackElo "2322"]
[ECO "B45"]
[TimeControl "15 minutes + 5 seconds per move from move one (Round 1 - 4) / 90 minutes + 30 seconds per move from move one (Round 5 - 8)"]
[BlackTitle "FM"]
[WhiteFideId "1715178"]
[BlackFideId "1468480"]

1.e4 c5 2.Nf3 e6 3.d4 cxd4 4.Nxd4 Nf6 5.Nc3 Nc6 6.Ndb5 Bc5 7.Nd6+ Ke7 8.
Nxc8+ Rxc8 9.Bd3 Qc7 10.O-O Rhd8 11.Bg5 a6 12.Kh1 h6 13.Bh4 g5 14.Bg3 d6 
15.f4 Rh8 16.e5 dxe5 17.fxe5 Nxe5 18.Qe2 Bd6 19.Rxf6 Nxd3 20.Bxd6+ Qxd6 
21.cxd3 Rxc3 22.Rxf7+ Kxf7 23.bxc3 Kg7 24.Rb1 b6 25.Qe4 Rf8 26.Qb7+ Kg6 
27.Qxa6 Rf2 28.Qc4 Qe5 29.h3 Re2 30.Rf1 Qd5 31.Qxd5 exd5 32.Rb1 Rxa2 33.
Rxb6+ Kf5 34.Rb5 Kf4 35.Kh2 Rc2 36.Rxd5 Rxc3 37.Rd8 h5 38.d4 g4 39.hxg4 
hxg4 40.d5 Rd3 41.d6 Rd1 42.Rf8+ Kg5 43.Rg8+ Kf5 44.Rf8+ Kg5 45.Rg8+ Kf5 
1/2-1/2

[Event "Malmo Open 2023"]
[Site "Malmo SWE"]
[Date "2023.12.15"]
[Round "4.7"]
[White "Pedersen, Daniel Vesterbaek"]
[Black "Hoi, Carsten"]
[Result "1/2-1/2"]
[WhiteElo "2186"]
[BlackElo "2313"]
[ECO "C46"]
[TimeControl "15 minutes + 5 seconds per move from move one (Round 1 - 4) / 90 minutes + 30 seconds per move from move one (Round 5 - 8)"]
[WhiteTitle "FM"]
[BlackTitle "GM"]
[WhiteFideId "1402161"]
[BlackFideId "1400100"]

1.e4 e5 2.Nf3 Nc6 3.Nc3 g6 4.g3 Bg7 5.Bg2 d6 6.d3 Nge7 7.Be3 O-O 8.Qd2 Nd4
9.Ne2 Nxf3+ 10.Bxf3 d5 11.exd5 Nxd5 12.Bh6 f5 13.Bxg7 Kxg7 14.Nc3 c6 15.
O-O-O Nxc3 1/2-1/2

[Event "Malmo Open 2023"]
[Site "Malmo SWE"]
[Date "2023.12.15"]
[Round "4.8"]
[White "Falkevall, Axel"]
[Black "Medhus, Vitus Bondo"]
[Result "1/2-1/2"]
[WhiteElo "2311"]
[BlackElo "2128"]
[ECO "C90"]
[TimeControl "15 minutes + 5 seconds per move from move one (Round 1 - 4) / 90 minutes + 30 seconds per move from move one (Round 5 - 8)"]
[WhiteTitle "FM"]
[WhiteFideId "1735560"]
[BlackFideId "1462547"]

1.e4 e5 2.Nf3 Nc6 3.Bb5 a6 4.Ba4 Nf6 5.O-O Be7 6.d3 b5 7.Bb3 d6 8.c3 O-O 
9.Re1 Na5 10.Bc2 c5 11.d4 Nc6 12.d5 Nb8 13.h3 Nbd7 14.Nbd2 Re8 15.a4 Rb8 
16.axb5 axb5 17.Nf1 Nf8 18.Ng3 Qb6 19.b4 Ng6 20.Be3 Bd7 21.Nf5 Bf8 22.Qd2 
Bxf5 23.exf5 Ne7 24.bxc5 dxc5 25.Nxe5 Nexd5 26.Nd7 Nxd7 27.Qxd5 Nf6 28.Qf3
Qb7 29.Qxb7 Rxb7 30.Bg5 Rxe1+ 31.Rxe1 Ra7 32.Rb1 Ra2 33.Bb3 Ra3 34.Bc1 Ra8
35.Bc2 Nd5 36.Bb2 Re8 37.Kf1 g6 38.fxg6 hxg6 39.Rd1 Nb6 40.Bc1 Bg7 41.Be3 
Rc8 42.Rb1 Nc4 1/2-1/2

[Event "Malmo Open 2023"]
[Site "Malmo SWE"]
[Date "2023.12.15"]
[Round "4.9"]
[White "Johansson, Thomas"]
[Black "Crevatin, Leo"]
[Result "1/2-1/2"]
[WhiteElo "2177"]
[BlackElo "2300"]
[ECO "B12"]
[TimeControl "15 minutes + 5 seconds per move from move one (Round 1 - 4) / 90 minutes + 30 seconds per move from move one (Round 5 - 8)"]
[BlackTitle "FM"]
[WhiteFideId "1702998"]
[BlackFideId "1726307"]

1.e4 c6 2.d4 d5 3.Bd3 dxe4 4.Bxe4 Nf6 5.Bf3 Bf5 6.Ne2 e6 7.Nbc3 h6 8.Bf4 
Bd6 9.Bg3 Na6 10.a3 Nc7 11.Qd2 Qe7 12.O-O O-O 13.Rfe1 Rad8 14.Rad1 Rfe8 
15.Qc1 Bg4 16.Bxg4 Nxg4 17.h3 Nf6 18.Bh4 g5 19.Bg3 Bxg3 20.Nxg3 Qf8 21.
Nce4 Nxe4 22.Rxe4 Qg7 23.c3 Nd5 24.Rde1 Nf4 25.Qc2 Qg6 26.Qb3 Re7 27.Qc4 
Rd5 28.a4 Red7 29.b4 a6 30.a5 Kh7 31.Re5 1/2-1/2

[Event "Malmo Open 2023"]
[Site "Malmo SWE"]
[Date "2023.12.15"]
[Round "4.10"]
[White "Peng, Li Min"]
[Black "Perets, Dmytro"]
[Result "1-0"]
[WhiteElo "2562"]
[BlackElo "2001"]
[ECO "B30"]
[TimeControl "15 minutes + 5 seconds per move from move one (Round 1 - 4) / 90 minutes + 30 seconds per move from move one (Round 5 - 8)"]
[WhiteTitle "GM"]
[WhiteFideId "14112620"]
[BlackFideId "14174456"]

1.e4 c5 2.Nf3 Nc6 3.Bc4 g6 4.h4 h5 5.O-O Bg7 6.c3 Nf6 7.e5 Ng4 8.d4 cxd4 
9.cxd4 O-O 10.Bf4 Qb6 11.Nc3 Qxb2 12.Nd5 e6 13.Rb1 Qa3 14.Bc1 Qa5 15.Rb5 
Qd8 16.Bg5 f6 17.exf6 Nxf6 18.Nxf6+ Bxf6 19.d5 a6 20.Qb1 Qe8 21.Rb6 Nd4 
22.Nxd4 Bxd4 23.dxe6 dxe6 24.Rd6 Bc5 25.Rd8 Qf7 26.Rxf8+ Bxf8 27.Bd3 Kh7 
28.Be4 Rb8 29.Rd1 Bc5 30.Rd8 Qxf2+ 31.Kh1 Qf7 32.Bxg6+ 1-0

[Event "Malmo Open 2023"]
[Site "Malmo SWE"]
[Date "2023.12.16"]
[Round "5.2"]
[White "Akesson, Ralf"]
[Black "Hector, Jonny"]
[Result "1/2-1/2"]
[WhiteElo "2387"]
[BlackElo "2444"]
[ECO "A06"]
[TimeControl "15 minutes + 5 seconds per move from move one (Round 1 - 4) / 90 minutes + 30 seconds per move from move one (Round 5 - 8)"]
[WhiteTitle "GM"]
[BlackTitle "GM"]
[WhiteFideId "1700120"]
[BlackFideId "1700090"]

1.Nf3 d5 2.e3 Bg4 3.c4 d4 4.exd4 e6 5.Be2 Nc6 6.Nc3 Nf6 7.O-O Be7 8.d3 
Nxd4 9.Nxd4 Qxd4 10.Bxg4 Qxg4 11.Qa4+ c6 12.Qb3 O-O-O 13.Be3 Rxd3 14.Bxa7 
Qh5 15.Rfd1 Rhd8 16.Bb6 Rxd1+ 17.Rxd1 Rxd1+ 18.Qxd1 1/2-1/2

[Event "Malmo Open 2023"]
[Site "Malmo SWE"]
[Date "2023.12.16"]
[Round "5.3"]
[White "Hillarp Persson, Tiger"]
[Black "Kistrup, Nicolai"]
[Result "1-0"]
[WhiteElo "2493"]
[BlackElo "2337"]
[ECO "A20"]
[TimeControl "15 minutes + 5 seconds per move from move one (Round 1 - 4) / 90 minutes + 30 seconds per move from move one (Round 5 - 8)"]
[WhiteTitle "GM"]
[BlackTitle "FM"]
[WhiteFideId "1700812"]
[BlackFideId "1444816"]

1.c4 e5 2.g3 Nf6 3.Bg2 c6 4.Nf3 e4 5.Nd4 Qb6 6.Nb3 a5 7.d3 a4 8.N3d2 Bc5 
9.O-O e3 10.fxe3 Bxe3+ 11.Kh1 Ng4 12.Nc3 O-O 13.Nde4 d5 14.cxd5 Bxc1 15.
Qxc1 Ne3 16.Rf3 Nxd5 17.Qg5 h6 18.Qd2 a3 19.bxa3 Rxa3 20.d4 Nxc3 21.Rxc3 
Rxc3 22.Qxc3 Be6 23.Nc5 Bxa2 24.Qc2 Bd5 25.e4 Be6 26.Rb1 Qd8 27.Nxe6 fxe6 
28.Bh3 Qxd4 29.Bxe6+ Kh8 30.Bf5 Na6 31.Rxb7 Nb4 32.Qb1 c5 33.Rd7 Qf6 34.
Qd1 c4 35.Rd6 Qe7 36.Qd4 Rf6 37.Rd8+ Rf8 38.Rd6 Rf6 39.Rd7 1-0

[Event "Malmo Open 2023"]
[Site "Malmo SWE"]
[Date "2023.12.16"]
[Round "5.4"]
[White "Falkevall, Axel"]
[Black "Peng, Li Min"]
[Result "0-1"]
[WhiteElo "2311"]
[BlackElo "2562"]
[ECO "B22"]
[TimeControl "15 minutes + 5 seconds per move from move one (Round 1 - 4) / 90 minutes + 30 seconds per move from move one (Round 5 - 8)"]
[WhiteTitle "FM"]
[BlackTitle "GM"]
[WhiteFideId "1735560"]
[BlackFideId "14112620"]

1.e4 c5 2.c3 b6 3.d4 Bb7 4.Bd3 Nf6 5.d5 e6 6.c4 b5 7.Nc3 bxc4 8.Bxc4 Be7 
9.Nge2 Qb6 10.O-O O-O 11.Ng3 Ba6 12.Bxa6 Nxa6 13.e5 Nxd5 14.Nxd5 exd5 15.
Nf5 Qe6 16.Qg4 g6 17.Nxe7+ Qxe7 18.Bh6 Qe6 19.Qxe6 fxe6 20.Bxf8 Kxf8 21.f4
Rb8 22.b3 Ke7 23.g4 Nb4 24.Rf3 d4 25.Rh3 Rh8 26.Kf2 d6 27.exd6+ Kxd6 28.
Kf3 Nd5 29.f5 gxf5 30.gxf5 Rf8 31.Rxh7 Rxf5+ 32.Ke2 a5 33.Ra7 Nc3+ 34.Kd3 
Kd5 35.Rd7+ Kc6 36.Re7 e5 37.Rg1 Rf3+ 38.Kd2 Rf2+ 39.Ke1 Rxa2 40.Rg6+ Kd5 
41.Rd7+ Ke4 42.h4 Rh2 43.Rg4+ Kd3 44.Rdg7 e4 45.R7g5 e3 46.h5 Rb2 0-1

[Event "Malmo Open 2023"]
[Site "Malmo SWE"]
[Date "2023.12.16"]
[Round "5.5"]
[White "Pantzar, Milton"]
[Black "Grahn, Vidar"]
[Result "1-0"]
[WhiteElo "2456"]
[BlackElo "2274"]
[ECO "A48"]
[TimeControl "15 minutes + 5 seconds per move from move one (Round 1 - 4) / 90 minutes + 30 seconds per move from move one (Round 5 - 8)"]
[WhiteTitle "IM"]
[WhiteFideId "1721003"]
[BlackFideId "1744780"]

1.d4 Nf6 2.Nf3 g6 3.Nbd2 d5 4.b3 Bg7 5.Bb2 O-O 6.e3 b6 7.c4 Nbd7 8.cxd5 
Nxd5 9.e4 Nf4 10.g3 Ne6 11.Bc4 c5 12.Bxe6 fxe6 13.O-O Ba6 14.Ng5 Bxf1 15.
Nxe6 Qe8 16.Qxf1 Qf7 17.Nxf8 Rxf8 18.Rc1 Bxd4 19.Bxd4 cxd4 20.Rc7 Ne5 21.
f4 Qe8 22.Qa6 Qd8 23.Qxa7 d3 24.Qxb6 Ng4 25.Qe6+ Kh8 26.Rd7 Qc8 27.Qxe7 
1-0

[Event "Malmo Open 2023"]
[Site "Malmo SWE"]
[Date "2023.12.16"]
[Round "5.6"]
[White "Crevatin, Leo"]
[Black "Olsen, Filip Boe"]
[Result "1/2-1/2"]
[WhiteElo "2300"]
[BlackElo "2423"]
[ECO "E11"]
[TimeControl "15 minutes + 5 seconds per move from move one (Round 1 - 4) / 90 minutes + 30 seconds per move from move one (Round 5 - 8)"]
[WhiteTitle "FM"]
[BlackTitle "IM"]
[WhiteFideId "1726307"]
[BlackFideId "1440640"]

1.d4 Nf6 2.c4 e6 3.Nf3 d5 4.g3 Bb4+ 5.Bd2 Be7 6.Bg2 c6 7.Qc2 Nbd7 8.O-O b6
9.b3 Bb7 10.Nc3 Rc8 11.e4 dxe4 12.Ng5 c5 13.dxc5 Nxc5 14.Rad1 Qc7 15.Ngxe4
Ncxe4 16.Nxe4 Nxe4 1/2-1/2

[Event "Malmo Open 2023"]
[Site "Malmo SWE"]
[Date "2023.12.16"]
[Round "5.7"]
[White "Olofsson-Dolk, Mattis"]
[Black "Lindberg, Bengt"]
[Result "1/2-1/2"]
[WhiteElo "2211"]
[BlackElo "2344"]
[ECO "C85"]
[TimeControl "15 minutes + 5 seconds per move from move one (Round 1 - 4) / 90 minutes + 30 seconds per move from move one (Round 5 - 8)"]
[BlackTitle "IM"]
[WhiteFideId "1715178"]
[BlackFideId "1700359"]

1.e4 e5 2.Nf3 Nc6 3.Bb5 a6 4.Ba4 Nf6 5.O-O Be7 6.Bxc6 dxc6 7.d3 Nd7 8.Nbd2
O-O 9.b3 f6 10.Bb2 Nc5 11.d4 exd4 12.Nxd4 Bd6 13.Qe2 Ne6 14.Nxe6 Bxe6 15.
f4 Qe7 16.Kh1 Rae8 17.Rae1 b5 18.h3 Bc8 19.Rf3 Ba3 20.Ba1 Bb4 21.c3 Bd6 
22.c4 Bb4 23.Bc3 Rd8 24.Bxb4 Qxb4 25.Rd3 Qa5 26.Rxd8 Rxd8 27.Nf3 Qc3 28.
Rd1 Re8 29.Nd4 Qg3 30.Nxc6 Bxh3 31.gxh3 Qxh3+ 32.Kg1 Qg3+ 33.Qg2 Qxf4 34.
Rd7 Qe3+ 35.Kh2 g6 36.Ne7+ Kf8 37.Nd5 Qh6+ 38.Qh3 Qd2+ 39.Qg2 Qh6+ 40.Qh3 
Qd2+ 41.Qg2 1/2-1/2